AoeStats
← nor29

Arabia

510061759Analyzed
1v1 RM · 1d ago on Sep 29, 2026· 56m 44s· 2 players
Game mode
Random Map
Map size
Tiny (2 player)
Population
200
Speed
Normal
Resources
Standard
Victory
Conquest
Starting age
Dark Age
Ending age
Imperial Age
RankedLock teamsTeams togetherTeam positionsShared explorationLock speedFull tech treeHidden civsTurbo modeCheats
Victory
Defeat
🇦🇺 Varangians · Australia
749
+14
🇵🇪 Slavs · Peru
711
-14
nor29
12:08 Feudal Age
12:39 Double-Bit Axe
12:56 Horse Collar
16:36 Loom
23:07 Castle Age
21:57 Scale Barding Armor
23:13 Pikeman
23:56 Husbandry
23:50 Light Cavalry
31:30 Heavy Plow
40:49 Bloodlines
41:52 Detinets
44:35 Wheelbarrow
48:07 Imperial Age
53:47 Bow Saw
sebastienbohan95
5:30 Loom
13:04 Feudal Age
14:09 Double-Bit Axe
14:34 Horse Collar
15:09 Bloodlines
15:38 Scale Barding Armor
16:27 Forging
25:45 Fletching
28:50 Castle Age
28:45 Padded Archer Armor
29:35 Light Cavalry
29:37 Crossbowman
31:25 Husbandry
32:49 Wheelbarrow
37:42 Bodkin Arrow
39:26 Chain Barding Armor
44:14 Iron Casting
43:55 Leather Archer Armor
45:27 Gold Mining
45:27 Stone Mining
48:36 Bow Saw
51:59 Imperial Age
52:11 Cavalier
52:16 Vendel Legacy
55:16 Plate Barding Armor
Connection lost

Rejoining the realm…

Still unreachable

The connection could not be restored.

Session expired

The server has moved on; the page needs a fresh start.